 Dungeon Crawl Stone Soup version 0.19-a0-1320-g0178847 (webtiles) character file.

16100 4thArraOfDagon the Grappler (level 12, -12/106 HPs)
             Began as a Troll Ice Elementalist on Aug 31, 2016.
             Was a Priest of Cheibriados.
             Mangled by a yak (13 damage)
             ... on level 11 of the Dungeon.
             The game lasted 00:24:32 (4379 turns).

4thArraOfDagon the Grappler (TrIE)                  Turns: 4379, Time: 00:24:33

Health: -12/106    AC:  7    Str: 27    XL:     12   Next: 7%
Magic:  16/16      EV: 15    Int: 28    God:    Cheibriados [***...]
Gold:   620        SH:  0    Dex: 18    Spells: 4 memorised, 5 levels left

rFire  + . .     SeeInvis +       - Unarmed
rCold  + . .     Gourm    +     G - +2 robe {rC+ rF+}
rNeg   . . .     Faith    .     (no shield)
rPois  .         Spirit   .     (helmet restricted)
rElec  .         Dismiss  .     (no cloak)
rCorr  .         Reflect  .     (gloves unavailable)
MR     .....     Harm     .     (boots unavailable)
Stlth  ++........ Clarity  +    (no amulet)
                                F - ring of see invisible
                                f - +3 ring of intelligence

@: very slow
A: unfitting armour, claws 3, horns 2, clarity, clever 1, fast metabolism 3,
frail 1, gourmand, regeneration 1, shaggy fur 1, tough skin 2
a: Bend Time, Temporal Distortion, Renounce Religion


You were on level 11 of the Dungeon.
You worshipped Cheibriados.
Cheibriados was most pleased with you.
You were not hungry.

You visited 1 branch of the dungeon, and saw 15 of its levels.

You collected 620 gold pieces.

Inventory:

Hand Weapons
 j - a +1 giant spiked club
 y - the +10 dagger "Fypoi" {distort, Str+6 Dex+4, unknown}
   (You found it on level 10 of the Dungeon)

   It warps and distorts space around it.
   Unwielding it can cause banishment or high damage.
   It affects your strength (+6).
   It affects your dexterity (+4).
Armour
 a - a +0 robe
 n - a +2 robe of positive energy
 z - a +1 robe of resistance
 G - a +2 robe of resistance (worn)
Jewellery
 f - a +3 ring of intelligence (left claw)
 w - a +3 ring of intelligence
 F - a ring of see invisible (right claw)
Wands
 m - a wand of enslavement (10/24)
 v - a wand of flame (21/48)
 x - a wand of flame (26/48)
 A - a wand of polymorph (10/24)
 D - a wand of slowing (29/48)
 E - a wand of teleportation (0/9)
 I - a wand of lightning (5/15)
Scrolls
 e - 3 scrolls of remove curse
 k - a scroll of enchant weapon
 l - 4 scrolls of noise
 t - a scroll of magic mapping
 u - a scroll of fog
 B - a scroll of blinking {unknown}
 C - a scroll of amnesia
Potions
 i - 2 potions of cancellation
 o - a potion of ambrosia {unknown}
 p - 3 potions of flight
 r - 2 potions of might
Books
 b - a book of Frost

   Spells                             Type                      Level
   a - Freeze                         Ice                          1
   b - Throw Frost                    Conjuration/Ice              2
   c - Ozocubu's Armour               Charms/Ice                   3
   d - Throw Icicle                   Conjuration/Ice              4
   e - Summon Ice Beast               Ice/Summoning                4
Comestibles
 c - 8 bread rations
 d - 4 meat rations
 g - a beef jerky
 h - a slice of pizza


   Skills:
 + Level 7.0 Fighting
 + Level 7.3 Dodging
 - Level 1.1 Stealth
 * Level 13.0 Unarmed Combat
 - Level 1.2 Spellcasting
   Level 0.6 Conjurations
 - Level 2.1 Ice Magic
 + Level 7.6 Invocations


You had 5 spell levels left.
You knew the following spells:

 Your Spells              Type           Power        Failure   Level  Hunger
a - Freeze                Ice            ##..         4%          1    #......
b - Apportation           Tloc           #.........   12%         1    #......
c - Blink                 Tloc           N/A          17%         2    ###....
d - Passage of Golubria   Tloc           N/A          91%         4    #####..


Dungeon Overview and Level Annotations

Branches:
Dungeon (15/15)            Temple (0/1) D:6            Lair (0/6) D:10
    Orc (0/2) D:9
 Vaults: D:13-14     Depths: D:15

Altars:
Cheibriados
Qazlal
Xom
Yredelemnul
The Shining One

Shops:
D:5 }   D:12 (

Annotations:
D:3 4thArraOfDagon's ghost, weakling TrIE
D:9 Joseph
D:11 exclusion: downstairs
D:12 Snorg
D:13 exclusion: ice statue


Innate Abilities, Weirdness & Mutations

You are too large for most types of armour.
You have claws for hands.
Your metabolism is lightning-fast.
You like to eat raw meat.
Your natural rate of healing is unusually fast.
You are covered in fur. (AC +1)
You have very tough skin. (AC +2)
You have a pair of horns on your head.
You possess an exceptional clarity of mind.
Your mind is acute. (Int +2)
You are frail. (-10% HP)


Message History

Unknown command.
The yak bellows!
You claw the yak!
You kill the yak!
Cheibriados appreciates the change of pace.
The yak moves out of view.
Unknown command.
Unknown command.
The yak gores you!
* * * LOW HITPOINT WARNING * * *
Unknown command.
Unknown command.
Unknown command.
Evoke which item? (* to show all) (? for menu, Esc to quit)
Zapping:
m - a wand of enslavement (11/24)
Press: ? - help, Shift-Dir - straight line, f - yak
Aim: a yak (chance to defeat MR: 46%)
The yak resists with some effort.
This wand has 10 charges left.
The yak gores you!
You die...

...# ...# ... #####..
.Y....Y######.#
YYY....Y......# #. #W#
..# # #. #Y# ..# #. #Y
#@####..## ##.##.
#........# #.....
##.......#
#....)#########.......#
#.....................#
#..............[..#..##
.................[.#..#
#.....................#
#.................#...#


You could see 3 yaks and a hungry ghost.

Vanquished Creatures
  Josephine (D:12)
  Erolcha (D:11)
  2 unseen horrors
  A hill giant (D:15)
  A lindwurm (shapeshifter) (D:15)
  An orc knight (D:14)
  A deep elf mage (D:12)
  A manticore (D:12)
  An ugly thing (D:11)
  A komodo dragon (D:10)
  A tengu conjurer (D:15)
  A troll (D:7)
  6 slime creatures (D:12)
  A vampire (D:10)
  6 wraiths
  5 yaks
  A shadow (D:15)
  3 hungry ghosts
  A soldier ant (D:12)
  A mottled dragon (D:13)
  2 water moccasins
  2 sky beasts
  An ice beast (D:6)
  A black bear (D:9)
  7 orc warriors
  2 wasps
  An eye of draining (D:8)
  13 centaurs
  3 ogres
  A crocodile (D:11)
  3 big kobolds
  5 giant frogs
  A gnoll sergeant (D:5)
  2 wyvern zombies
  A scorpion (D:10)
  4 killer bees (D:11)
  5 wights (D:8)
  4 howler monkeys
  4 crimson imps
  5 centaur zombies
  2 giant frog zombies
  A quasit (D:7)
  6 orc wizards
  4 hounds
  2 jellies
  2 orc priests
  2 giant frog skeletons
  4 centaur skeletons
  2 iguanas
  4 worker ants
  A worker ant zombie (D:5)
  4 gnolls (D:5)
  6 adders
  A shadow imp (D:14)
  An ooze (D:4)
  2 worms
  A giant gecko (D:5)
  17 orcs
  A giant cockroach (D:2)
  2 goblins
  4 hobgoblins
  3 jackals (D:4)
  3 kobolds
  A quokka (D:9)
  A ball python (D:5)
  3 giant newts
  5 rats
189 creatures vanquished.

Vanquished Creatures (others)
  A cyclops (D:12)
  A bush (D:5)
  2 plants (D:10)
4 creatures vanquished.

Grand Total: 193 creatures vanquished

Notes
Turn   | Place    | Note
-------+----------+-------------------------------------------
     0 | D:1      | 4thArraOfDagon the Troll Ice Elementalist began the quest for the Orb.
     0 | D:1      | Reached XP level 1. HP: 16/16 MP: 1/1
    47 | D:2      | Reached skill level 1 in Unarmed Combat
    61 | D:3      | Found a snail-covered altar of Cheibriados.
    61 | D:3      | Noticed 4thArraOfDagon's ghost (weakling TrIE)
    71 | D:3      | Became a worshipper of Cheibriados the Contemplative
   184 | D:2      | Reached XP level 2. HP: 9/24 MP: 2/2
   214 | D:3      | Reached skill level 2 in Unarmed Combat
   382 | D:3      | Reached XP level 3. HP: 25/31 MP: 3/3
   514 | D:4      | Reached skill level 3 in Unarmed Combat
   529 | D:5      | Entered Level 5 of the Dungeon
   553 | D:5      | Found a basalt altar of Yredelemnul.
   555 | D:5      | Noticed a profane servitor
   560 | D:5      | Found a glowing golden altar of the Shining One.
   562 | D:5      | Noticed an angel
   595 | D:5      | Noticed a centaur
   653 | D:5      | Killed a centaur
   653 | D:5      | Reached skill level 4 in Unarmed Combat
   653 | D:5      | Reached XP level 4. HP: 39/39 MP: 4/4
   700 | D:5      | Reached XP level 5. HP: 21/45 MP: 5/5
   748 | D:5      | Reached skill level 5 in Unarmed Combat
   762 | D:5      | Reached * piety under Cheibriados
   784 | D:5      | Noticed a centaur
   792 | D:5      | Killed a centaur
   792 | D:5      | Reached skill level 6 in Unarmed Combat
   792 | D:5      | Reached XP level 6. HP: 19/53 MP: 6/6
   832 | D:5      | Found Muzxinn's Gadget Boutique.
   857 | D:5      | Noticed a sky beast
   867 | D:5      | Killed a sky beast
   917 | D:5      | Reached skill level 1 in Fighting
   917 | D:5      | Reached skill level 1 in Invocations
   917 | D:5      | Reached XP level 7. HP: 62/62 MP: 7/7
  1113 | D:6      | Found a stormy altar of Qazlal.
  1116 | D:6      | Found a staircase to the Ecumenical Temple.
  1139 | D:6      | Reached skill level 7 in Unarmed Combat
  1244 | D:6      | Reached XP level 8. HP: 19/72 MP: 6/8
  1342 | D:7      | Noticed a troll
  1409 | D:7      | Killed a troll
  1409 | D:7      | Reached skill level 8 in Unarmed Combat
  1633 | D:8      | Reached ** piety under Cheibriados
  1646 | D:8      | Reached XP level 9. HP: 75/83 MP: 10/10
  1659 | D:8      | Learned a level 1 spell: Apportation
  1662 | D:8      | Learned a level 2 spell: Blink
  1667 | D:8      | Learned a level 4 spell: Passage of Golubria
  1682 | D:8      | Reached skill level 9 in Unarmed Combat
  1936 | D:9      | Got a slimy quarterstaff
  1940 | D:9      | Identified the +2 quarterstaff of Focy {crush, Str+6} (You found it on level 9 of the Dungeon)
  1975 | D:9      | Found a staircase to the Orcish Mines.
  2006 | D:10     | Entered Level 10 of the Dungeon
  2133 | D:10     | Reached skill level 5 in Dodging
  2149 | D:10     | Reached *** piety under Cheibriados
  2149 | D:10     | Reached skill level 10 in Unarmed Combat
  2370 | D:10     | Found a shimmering altar of Xom.
  2382 | D:10     | Got a fine dagger
  2407 | D:10     | Reached XP level 10. HP: 91/94 MP: 12/12
  2454 | D:10     | Killed an unseen horror
  2454 | D:10     | Reached skill level 5 in Invocations
  2530 | D:9      | Noticed Joseph
  2562 | D:10     | Reached skill level 5 in Fighting
  2564 | D:10     | Found a staircase to the Lair.
  2609 | D:11     | Noticed Erolcha
  2617 | D:11     | Killed Erolcha
  2669 | D:12     | Noticed a purple ugly thing
  2717 | D:11     | Reached skill level 11 in Unarmed Combat
  2740 | D:11     | Noticed a white ugly thing
  2753 | D:11     | Killed a cyan ugly thing
  2759 | D:11     | Gained mutation: Your mind is acute. (Int +2) [mutagenic meat]
  2762 | D:11     | Gained mutation: You have a pair of small horns on your head. [mutagenic meat]
  2765 | D:11     | Gained mutation: You are frail. (-10% HP) [mutagenic meat]
  2848 | D:11     | Gained mutation: You possess an exceptional clarity of mind. [mutagenic meat]
  2851 | D:11     | Gained mutation: You have a pair of horns on your head. [mutagenic meat]
  3021 | D:11     | Reached **** piety under Cheibriados
  3061 | D:12     | Noticed Josephine
  3076 | D:11     | Noticed an ogre mage
  3085 | D:12     | Killed Josephine
  3085 | D:12     | Reached XP level 11. HP: 45/94 MP: 12/14
  3103 | D:12     | Noticed an unseen horror
  3107 | D:12     | Killed an unseen horror
  3116 | D:12     | HP: 4/94 [cyclops/large rock (29)]
  3156 | D:12     | Found Mutae's Weapon Shoppe.
  3349 | D:15     | Entered Level 15 of the Dungeon
  3357 | D:15     | Noticed an eight-headed hydra
  3399 | D:15     | Noticed a lindwurm
  3403 | D:15     | Killed a lindwurm
  3403 | D:15     | Reached skill level 12 in Unarmed Combat
  3575 | D:15     | Noticed an orc knight
  3592 | D:14     | Killed an orc knight
  3769 | D:15     | Noticed a hill giant
  3775 | D:15     | Killed a hill giant
  3778 | D:15     | Noticed an ogre mage
  4039 | D:13     | Noticed a deep elf mage
  4050 | D:12     | Killed a deep elf mage
  4065 | D:13     | Reached ***** piety under Cheibriados
  4174 | D:12     | Noticed Snorg
  4253 | D:13     | Noticed a yaktaur captain
  4265 | D:13     | Reached XP level 12. HP: 103/103 MP: 16/16
  4304 | D:12     | HP: 1/103 [Snorg (7)]
  4312 | D:12     | HP: 3/103 [big kobold/short sword (6)]
  4323 | D:12     | Noticed an eight-headed hydra
  4326 | D:12     | HP: 3/106 [centaur/arrow (13)]
  4366 | D:11     | Reached skill level 13 in Unarmed Combat
  4378 | D:11     | HP: 1/106 [yak (11)]
  4379 | D:11     | Mangled by a yak

Vault maps used:
D:1:      eino_arrival_water_star, serial_bayou_pond_c
D:2:      uniq_iyjb
D:3:      lemuel_crystal_altar, first_bread, minmay_misc_feat_nine_boxes
D:4:      nemelex_dance_club_becter, uniq_robin, uniq_eustachio, uniq_purgy
D:5:      grunt_temple_overflow_holy_war, serial_shops, shop,
          kb_lookout_dungeons_type
D:6:      grunt_qazlal_clouds, minitemple, uniq_duvessa
D:7:      grunt_temple_overflow_growth_and_decay
D:8:      boulder_corridor_run
D:9:      orc_0_dummy, serial_shops, shop, shop, uniq_joseph
D:10:     david_lair_shrubbed, blue_anna_alchemist, xom_teletrap_fun
D:11:     uniq_erolcha
D:12:     serial_shops, shop, uniq_snorg, uniq_josephine
D:13:     lemuel_ice_statue, david_vaults_2, lightli_wizard_tower
D:15:     hangedman_depths_entry_civil_slaughter, columned_hall_lemuel

Skill      XL: |  1  2  3  4  5  6  7  8  9 10 11 12 |
---------------+-------------------------------------+-----
Unarmed Combat | 1 2 4 6 7 8 10 11 12 13 | 13.0
Fighting       | 1 2 3 4 5 6 7 |  7.0
Dodging        | 2 3 4 5 6 7 |  7.3
Invocations    | 1 2 3 4 6 7 |  7.6
Stealth        | |  1.1
Spellcasting   | |  1.2
Conjurations   | |  0.6
Ice Magic      | |  2.1

Action                   |  1- 3 |  4- 6 |  7- 9 | 10-12 || total
-------------------------+-------+-------+-------+-------++-------
Melee: Unarmed           |    64 |    63 |   265 |   293 ||   685
       Punch             |       |     2 |     7 |    18 ||    27
       Headbutt          |       |       |       |    69 ||    69
Invok: Bend Time         |       |       |     5 |     5 ||    10
       Slouch            |       |       |       |     4 ||     4
       Temporal Distorti |       |       |       |     2 ||     2
Evoke: Wand              |       |       |       |    11 ||    11
  Use: Scroll            |     5 |     1 |     3 |    11 ||    20
       Potion            |       |     3 |     2 |     3 ||     8
 Stab: Sleeping          |     1 |       |     2 |       ||     3
       Invisible         |       |     5 |       |       ||     5
       Distracted        |       |       |       |     1 ||     1
  Eat: Chunk             |     8 |     5 |    11 |    21 ||    45
       Beef jerky        |       |       |     1 |     1 ||     2
       Fruit             |       |       |     1 |       ||     1
       Royal jelly       |       |       |       |     1 ||     1
Armor: Robe              |    18 |    12 |    60 |    58 ||   148
       Skin              |       |       |       |     1 ||     1
Dodge: Dodged            |    38 |    30 |   124 |   184 ||   376
